3L
VANCOUVER GREY WOLVES @ BROOKLYN DODGERS
06/29/2042
 
TOP OF THE 1ST
Vancouver Grey Wolves batting - Pitching for Brooklyn Dodgers : RHP Ken Grant
Pitching: RHP Ken Grant
Batting: SHB Willie McGirt 0-0: Called Strike
0-1: Ball
1-1: Foul Ball, location: 2F
1-2: Ball
2-2: Strikes out looking
Batting: RHB Rafael Maldonado 0-0: Ball
1-0: Ball
2-0: Ball
3-0: Called Strike
3-1: Base on Balls
Batting: LHB Cameron Woolever 0-0: DOUBLE (Line Drive, 89XD, EV 101.9 MPH)
Rafael Maldonado to third
Batting: LHB José Arras 0-0: Foul Ball, location: 2F
0-1: Foul Ball, location: 2F
0-2: Ball
1-2: Foul Ball, location: 2F
1-2: Ball
2-2: Foul Ball, location: 2F
2-2: Foul Ball, location: 2F
2-2: Fly out, F8 (Flyball, 8RXD, EV 86.9 MPH)
Runner from 3rd tags up, SCORES, no throw by CF
Cameron Woolever to third
Batting: RHB José Torres 0-0: Ball
1-0: Called Strike
1-1: Ball
2-1: Fly out, F9 (Flyball, 9D, EV 101.9 MPH)
Top of the 1st over - 1 run, 1 hit, 0 errors, 1 left on base; Vancouver 1 - Brooklyn 0
BOTTOM OF THE 1ST
Brooklyn Dodgers batting - Pitching for Vancouver Grey Wolves : LHP Hong-bin Hua
Pitching: LHP Hong-bin Hua
Batting: SHB Koryusai Ohayashi 0-0: Swinging Strike
0-1: Swinging Strike
0-2: Foul Ball, location: 2F
0-2: SINGLE (Groundball, 6MD, EV 96.9 MPH)
Batting: SHB Fa-hsien Tze 0-0: Swinging Strike
0-1: Ball
1-1: Foul Ball, location: 2F
1-2: Foul Ball, location: 2F
1-2: Fly out, F7 (Flyball, 7LSF, EV 83.1 MPH)
Batting: LHB Tony Wonder 0-0: Ball
1-0: Ball
2-0: Called Strike
2-1: Swinging Strike
2-2: Foul Ball, location: 2F
2-2: Ball
3-2: Foul Ball, location: 2F
3-2: Strikes out swinging
Batting: RHB Carlos Muñóz 0-0: Ball
1-0: Called Strike
1-1: Fly out, F8 (Flyball, 8LD, EV 96.9 MPH)
Bottom of the 1st over - 0 runs, 1 hit, 0 errors, 1 left on base; Vancouver 1 - Brooklyn 0
TOP OF THE 2ND
Vancouver Grey Wolves batting - Pitching for Brooklyn Dodgers : RHP Ken Grant
Batting: RHB David Stone 0-0: Foul Ball, location: 2F
0-1: Ball
1-1: Called Strike
1-2: Foul Ball, location: 2F
1-2: Fly out, F8 (Flyball, 8LXD, EV 105.6 MPH)
Batting: SHB John Hawley 0-0: Ball
1-0: Ground out 3-1 (Groundball, 34, EV 82.5 MPH)
Batting: RHB Kao-tsu Koo 0-0: Ball
1-0: Called Strike
1-1: Called Strike
1-2: Fly out, F7 (Flyball, 7S, EV 78.8 MPH)
Top of the 2nd over - 0 runs, 0 hits, 0 errors, 0 left on base; Vancouver 1 - Brooklyn 0
BOTTOM OF THE 2ND
Brooklyn Dodgers batting - Pitching for Vancouver Grey Wolves : LHP Hong-bin Hua
Batting: LHB Jung-joon Yi 0-0: Swinging Strike
0-1: Ball
1-1: Foul Ball, location: 2F
1-2: Fly out, F9 (Flyball, 9S, EV 90.6 MPH)
Batting: RHB Phil McCroskey 0-0: Called Strike
0-1: Bunted foul
0-2: Ball
1-2: Foul Ball, location: 2F
1-2: Foul Ball, location: 2F
1-2: Ball
2-2: Foul Ball, location: 2F
2-2: Foul Ball, location: 2F
2-2: Ground out 5-3 (Groundball, 56S, EV 88.8 MPH)
Batting: RHB Quindarious Monday 0-0: Fly out, F3 (Line Drive, 3, EV 70.0 MPH)
Bottom of the 2nd over - 0 runs, 0 hits, 0 errors, 0 left on base; Vancouver 1 - Brooklyn 0
TOP OF THE 3RD
Vancouver Grey Wolves batting - Pitching for Brooklyn Dodgers : RHP Ken Grant
Batting: LHB Javier Caceres 0-0: Ball
1-0: Ball
2-0: Foul Ball, location: 2F
2-1: Ball
3-1: Base on Balls
Batting: SHB Willie McGirt 0-0: Swinging Strike
0-1: Ball
Javier Caceres steals 2nd base (no throw)
1-1: Called Strike
1-2: Ball
2-2: Ball
3-2: Foul Ball, location: 2F
3-2: Strikes out swinging
Batting: RHB Rafael Maldonado 0-0: Called Strike
0-1: Ball
1-1: Ball
2-1: Ball
3-1: SINGLE (Line Drive, 8RS, EV 89.4 MPH)
Javier Caceres to third
Runner from 3rd tries for Home, SAFE, no throw by CF
Batting: LHB Cameron Woolever 0-0: Fly out, F8 (Flyball, 8LS, EV 90.6 MPH)
Batting: LHB José Arras 0-0: Foul Ball, location: 2F
0-1: Called Strike
0-2: Foul Ball, location: 2F
0-2: Ball
1-2: Strikes out swinging
Top of the 3rd over - 1 run, 1 hit, 0 errors, 1 left on base; Vancouver 2 - Brooklyn 0
BOTTOM OF THE 3RD
Brooklyn Dodgers batting - Pitching for Vancouver Grey Wolves : LHP Hong-bin Hua
Batting: RHB Steve Pugh 0-0: Swinging Strike
0-1: Ball
1-1: SINGLE (Groundball, 6MD, EV 95.6 MPH)
Batting: LHB Ronald Lithgoe 0-0: Ball
1-0: Fly out, F8 (Flyball, 8RM, EV 86.2 MPH)
Batting: SHB Koryusai Ohayashi 0-0: Ball
1-0: Ball
2-0: Called Strike
2-1: Fielders Choice at 2nd, 1-6 (Groundball, 13S, EV 63.1 MPH)
Batting: SHB Fa-hsien Tze 0-0: SINGLE (Groundball, 56D, EV 109.4 MPH)
Koryusai Ohayashi to second
Batting: LHB Tony Wonder 0-0: Ball
1-0: Called Strike
1-1: Ball
2-1: Foul Ball, location: 2F
2-2: Ground out 4-3 (Groundball, 34D, EV 100.6 MPH)
Bottom of the 3rd over - 0 runs, 2 hits, 0 errors, 2 left on base; Vancouver 2 - Brooklyn 0
TOP OF THE 4TH
Vancouver Grey Wolves batting - Pitching for Brooklyn Dodgers : RHP Ken Grant
Batting: RHB José Torres 0-0: Called Strike
0-1: Ball
1-1: Ball
2-1: Ball
3-1: Base on Balls
Batting: RHB David Stone 0-0: Called Strike
0-1: DOUBLE (Line Drive, 3D, EV 95.0 MPH)
José Torres to third
Runner from 3rd tries for Home, SAFE, throw by RF to trailing runner, SAFE at third!
Batting: SHB John Hawley 0-0: Fly out, F8 (Flyball, 78S, EV 81.2 MPH)
Batting: RHB Kao-tsu Koo 0-0: Fly out, F3 (Popup, 3F, EV 56.9 MPH)
Batting: LHB Javier Caceres 0-0: Ground out 4-3 (Groundball, 4, EV 79.4 MPH)
Top of the 4th over - 1 run, 1 hit, 0 errors, 1 left on base; Vancouver 3 - Brooklyn 0
BOTTOM OF THE 4TH
Brooklyn Dodgers batting - Pitching for Vancouver Grey Wolves : LHP Hong-bin Hua
Batting: RHB Carlos Muñóz 0-0: Called Strike
0-1: Swinging Strike
0-2: Ball
1-2: Fly out, F2 (Popup, 23F, EV 81.2 MPH)
Batting: LHB Jung-joon Yi 0-0: Called Strike
0-1: Called Strike
0-2: Ball
1-2: Ground out 6-3 (Groundball, 6S, EV 82.5 MPH)
Batting: RHB Phil McCroskey 0-0: Called Strike
0-1: Ground out 6-3 (Groundball, 6, EV 83.8 MPH)
Bottom of the 4th over - 0 runs, 0 hits, 0 errors, 0 left on base; Vancouver 3 - Brooklyn 0
TOP OF THE 5TH
Vancouver Grey Wolves batting - Pitching for Brooklyn Dodgers : RHP Ken Grant
Batting: SHB Willie McGirt 0-0: Ball
1-0: Ball
2-0: Foul Ball, location: 2F
2-1: Foul Ball, location: 2F
2-2: Fly out, F5 (Flyball, 56D, EV 85.6 MPH)
Batting: RHB Rafael Maldonado 0-0: Ball
1-0: Ball
2-0: Called Strike
2-1: Called Strike
2-2: Foul Ball, location: 2F
2-2: Foul Ball, location: 2F
2-2: Strikes out swinging
Batting: LHB Cameron Woolever 0-0: Foul Ball, location: 2F
0-1: Fly out, F8 (Flyball, 8LM, EV 88.1 MPH)
Top of the 5th over - 0 runs, 0 hits, 0 errors, 0 left on base; Vancouver 3 - Brooklyn 0
BOTTOM OF THE 5TH
Brooklyn Dodgers batting - Pitching for Vancouver Grey Wolves : LHP Hong-bin Hua
Batting: RHB Quindarious Monday 0-0: Ball
1-0: Called Strike
1-1: Called Strike
1-2: Ball
2-2: Ground out 2-3 (Groundball, 15S, EV 65.0 MPH)
Batting: RHB Steve Pugh 0-0: Ball
1-0: Ball
2-0: Ball
3-0: Called Strike
3-1: Ground out U3 (Groundball, 3S, EV 69.4 MPH)
Batting: LHB Ronald Lithgoe 0-0: Foul Ball, location: 2F
0-1: Ball
1-1: Fly out, F7 (Flyball, 78M, EV 72.5 MPH)
Bottom of the 5th over - 0 runs, 0 hits, 0 errors, 0 left on base; Vancouver 3 - Brooklyn 0
TOP OF THE 6TH
Vancouver Grey Wolves batting - Pitching for Brooklyn Dodgers : RHP Ken Grant
Batting: LHB José Arras 0-0: Ball
1-0: Ball
2-0: Ball
3-0: Base on Balls
Batting: RHB José Torres 0-0: Ball
1-0: Ball
2-0: Foul Ball, location: 2F
2-1: Grounds into double play, 4-6-3 (Groundball, 4, EV 85.0 MPH)
Pitching: RHP Guillermo Guerrero
Batting: RHB David Stone 0-0: Ball
1-0: Fly out, F9 (Line Drive, 9D, EV 85.6 MPH)
Top of the 6th over - 0 runs, 0 hits, 0 errors, 0 left on base; Vancouver 3 - Brooklyn 0
BOTTOM OF THE 6TH
Brooklyn Dodgers batting - Pitching for Vancouver Grey Wolves : LHP Hong-bin Hua
Batting: SHB Koryusai Ohayashi 0-0: Ball
1-0: Ground out 5-3 (Groundball, 5S, EV 85.6 MPH)
Batting: SHB Fa-hsien Tze 0-0: Ball
1-0: Foul Ball, location: 2F
1-1: Fly out, F8 (Flyball, 8RM, EV 91.9 MPH)
Batting: LHB Tony Wonder 0-0: Ball
1-0: Foul Ball, location: 2F
1-1: Fly out, F5 (Line Drive, 5, EV 65.0 MPH)
Bottom of the 6th over - 0 runs, 0 hits, 0 errors, 0 left on base; Vancouver 3 - Brooklyn 0
TOP OF THE 7TH
Vancouver Grey Wolves batting - Pitching for Brooklyn Dodgers : RHP Guillermo Guerrero
Batting: SHB John Hawley 0-0: Swinging Strike
0-1: Ball
1-1: Ball
2-1: Ball
3-1: Called Strike
3-2: Strikes out swinging
Batting: RHB Kao-tsu Koo 0-0: Called Strike
0-1: Foul Ball, location: 2F
0-2: Ball
1-2: Ball
2-2: Strikes out swinging
Batting: LHB Javier Caceres 0-0: DOUBLE (Flyball, 89XD, EV 102.5 MPH)
Batting: SHB Willie McGirt 0-0: Called Strike
0-1: Swinging Strike
0-2: Ball
1-2: Ball
2-2: Ball
3-2: Base on Balls
Batting: RHB Rafael Maldonado 0-0: Ball
1-0: Ball
2-0: Ball
3-0: Called Strike
3-1: Foul Ball, location: 2F
3-2: Base on Balls
Javier Caceres to third
Willie McGirt to second
Batting: LHB Cameron Woolever 0-0: Called Strike
0-1: Ball
1-1: Hit by Pitch
Javier Caceres scores
Willie McGirt to third
Rafael Maldonado to second
Batting: LHB José Arras 0-0: Ground out 1-3 (Groundball, 15S, EV 67.5 MPH)
Top of the 7th over - 1 run, 1 hit, 0 errors, 3 left on base; Vancouver 4 - Brooklyn 0
BOTTOM OF THE 7TH
Brooklyn Dodgers batting - Pitching for Vancouver Grey Wolves : LHP Hong-bin Hua
Batting: RHB Carlos Muñóz 0-0: Ball
1-0: Swinging Strike
1-1: Foul Ball, location: 2F
1-2: Foul Ball, location: 2F
1-2: Strikes out swinging
Batting: LHB Jung-joon Yi 0-0: Called Strike
0-1: Ball
1-1: Fly out, F4 (Popup, 3DF, EV 43.8 MPH)
Batting: RHB Phil McCroskey 0-0: Called Strike
0-1: Swinging Strike
0-2: Strikes out looking
Bottom of the 7th over - 0 runs, 0 hits, 0 errors, 0 left on base; Vancouver 4 - Brooklyn 0
TOP OF THE 8TH
Vancouver Grey Wolves batting - Pitching for Brooklyn Dodgers : RHP Guillermo Guerrero
Batting: RHB José Torres 0-0: Fly out, F8 (Line Drive, 8LD, EV 93.8 MPH)
Batting: RHB David Stone 0-0: Called Strike
0-1: Ball
1-1: Swinging Strike
1-2: Fly out, F8 (Line Drive, 8LM, EV 93.8 MPH)
Batting: SHB John Hawley 0-0: Ball
1-0: Ball
2-0: Foul Ball, location: 2F
2-1: Ball
3-1: Foul Ball, location: 2F
3-2: Base on Balls
Batting: RHB Kao-tsu Koo 0-0: Called Strike
0-1: Called Strike
0-2: Ground out 6-3 (Groundball, 6, EV 88.1 MPH)
Top of the 8th over - 0 runs, 0 hits, 0 errors, 1 left on base; Vancouver 4 - Brooklyn 0
BOTTOM OF THE 8TH
Brooklyn Dodgers batting - Pitching for Vancouver Grey Wolves : LHP Hong-bin Hua
Pitching: RHP Ainanani Oliwa
Batting: RHB Quindarious Monday 0-0: Called Strike
0-1: Called Strike
0-2: SINGLE (Groundball, 6D, EV 108.1 MPH)
Batting: RHB Steve Pugh 0-0: Foul Ball, location: 2F
0-1: Ball
1-1: Ball
2-1: Called Strike
2-2: Grounds into double play, 4-6-3 (Groundball, 4, EV 100.0 MPH)
Batting: LHB Ronald Lithgoe 0-0: Foul Ball, location: 2F
0-1: Ball
1-1: Ground out 6-3 (Groundball, 6, EV 80.6 MPH)
Bottom of the 8th over - 0 runs, 1 hit, 0 errors, 0 left on base; Vancouver 4 - Brooklyn 0
TOP OF THE 9TH
Vancouver Grey Wolves batting - Pitching for Brooklyn Dodgers : RHP Guillermo Guerrero
Batting: LHB Javier Caceres 0-0: Called Strike
0-1: Called Strike
0-2: Ground out 4-3 (Groundball, 4, EV 92.5 MPH)
Batting: SHB Willie McGirt 0-0: Foul Ball, location: 2F
0-1: Swinging Strike
0-2: Ball
1-2: Strikes out swinging
Batting: RHB Rafael Maldonado 0-0: Ball
1-0: Called Strike
1-1: Swinging Strike
1-2: Ball
2-2: Foul Ball, location: 2F
2-2: Strikes out swinging
Top of the 9th over - 0 runs, 0 hits, 0 errors, 0 left on base; Vancouver 4 - Brooklyn 0
BOTTOM OF THE 9TH
Brooklyn Dodgers batting - Pitching for Vancouver Grey Wolves : RHP Ainanani Oliwa
Batting: SHB Koryusai Ohayashi 0-0: Ball
1-0: Ground out U3 (Groundball, 3, EV 86.9 MPH)
Batting: SHB Fa-hsien Tze 0-0: SINGLE (Line Drive, 4MD, EV 96.2 MPH)
Batting: LHB Tony Wonder 0-0: Fielders Choice at 2nd, 4-6 (Groundball, 4, EV 83.8 MPH)
Batting: RHB Carlos Muñóz 0-0: Called Strike
0-1: Ball
1-1: Swinging Strike
1-2: Fly out, F9 (Line Drive, 9, EV 95.6 MPH)
Bottom of the 9th over - 0 runs, 1 hit, 0 errors, 1 left on base; Vancouver 4 - Brooklyn 0
Friday, March 26th, 2021 - OOTP Baseball 20.8 Build 74